 Dungeon Crawl Stone Soup version 0.28-a0-1429-gf3d713df7a (webtiles) character file.

Game seed: 6997072997802754821

735 HallandMoats the Skirmisher (level 7, -2/62 HPs)
             Began as a Minotaur Fighter on Jan 9, 2022.
             Slain by Menkaure (21 damage)
             ... on level 5 of the Dungeon.
             The game lasted 00:03:24 (3217 turns).

HallandMoats the Skirmisher (Minotaur Fighter)      Turns: 3217, Time: 00:03:24

Health: -2/62      AC:  7    Str: 20    XL:     7   Next: 45%
Magic:  6/6        EV: 10    Int:  5    God:
Gold:   198        SH:  5    Dex: 12    Spells: 6/6 levels left

rFire   . . .      SeeInvis .   a - +0 long sword
rCold   . . .      Faith    .   c - +0 buckler
rNeg    . . .      Spirit   .   h - +0 scale mail
rPois   .          Reflect  .   (helmet restricted)
rElec   .          Harm     .   (no cloak)
rCorr   .          Rampage  .   (no gloves)
Will    .....                   (no boots)
Stlth   ..........              (no amulet)
HPRegen 0.20/turn               (no ring)
MPRegen 0.10/turn               (no ring)

@: mighty
A: horns 2, retaliatory headbutt
a: no special abilities


You were on level 5 of the Dungeon.
You visited 1 branch of the dungeon, and saw 5 of its levels.

You collected 198 gold pieces.

Inventory:

Hand Weapons
 a - a +0 long sword (weapon)
 b - a +2 spear of venom
Armour
 c - a +0 buckler (worn)
 h - a +0 scale mail (worn)
Jewellery
 m - a ring of fire
 o - a ring of wizardry
 s - a ring of protection from cold
 x - the ring "Uwkim" {*Slow rPois Will+ MP+9 Dex+4}
   (You found it on level 5 of the Dungeon)

   [ring of magical power]

   Dex:       It affects your dexterity (+4).
   rPois:     It protects you from poison.
   MP:        It affects your magic capacity (+9).
   *Slow:     It may slow you when you take damage.
   Will:      It increases your willpower.
Scrolls
 f - a scroll of blinking {unknown}
 g - 3 scrolls of identify {unknown}
 i - a scroll of noise {unknown}
 j - a scroll of amnesia {unknown}
 l - a scroll of teleportation {unknown}
 q - 2 scrolls of fear {unknown}
 v - a scroll of immolation {unknown}
Potions
 e - a potion of degeneration {unknown}
 k - 2 potions of resistance {unknown}
 n - a potion of lignification {unknown}
 p - a potion of magic {unknown}
 r - a potion of ambrosia {unknown}
 t - a potion of brilliance {unknown}
 u - 2 potions of attraction {unknown}
 w - 2 potions of mutation {unknown}


   Skills:
 + Level 5.7 Fighting
 + Level 5.0 Long Blades
 + Level 5.7 Armour
 + Level 3.7 Dodging
 + Level 5.7 Shields


You had 6 spell levels left.
You didn't know any spells.
Your spell library contained the following spells:

 Spells                   Type           Power      Damage    Failure   Level
 Passwall                 Tmut/Erth      0%         N/A       95%         2
 Swiftness                Air            0%         N/A       99%         3


Dungeon Overview and Level Annotations

Branches:
Dungeon (5/15)
 Temple: D:4-7

Altars:
Fedhas
Ru

Annotations:
D:4 2 transporters, slippy's ghost, novice SpDe
D:5 Menkaure


Innate Abilities, Weirdness & Mutations

You have a pair of horns on your head.
You reflexively headbutt those who attack you in melee.


Message History

You hit the centaur skeleton. You headbutt the centaur skeleton.
The centaur skeleton is severely damaged.
The centaur skeleton barely misses you. You furiously retaliate!
You headbutt the centaur skeleton.
The centaur skeleton kicks you but does no damage.
The centaur skeleton misses you.
You block the centaur skeleton's attack.
You hit the centaur skeleton.
You destroy the centaur skeleton!
Your Long Blades skill increases to level 5!
HP restored.
q - 2 scrolls labelled DOJYAKL QICSAE (gained 1)
w - 2 green potions (gained 1) Key pressed, stopping explore.
No target in view!
x - the ring "Uwkim" {*Slow rPois Will+ MP+9 Dex+4} No target in view!
Menkaure, Prince of Dust comes into view.
Menkaure is nearby!
Menkaure is nearby!
You reach to attack!
You hit Menkaure.
Menkaure is moderately damaged.
Menkaure is nearby!
You hit Menkaure. Your headbutt misses Menkaure.
Menkaure is heavily damaged.
Menkaure calls on the powers of darkness!
Your body is wracked with pain!
Menkaure is nearby!
You feel very mighty all of a sudden.
Menkaure gestures at you while chanting.
Pain shoots through your body!
Your +2 spear of venom stops dripping with poison.
a - a +0 long sword (weapon)
You hit Menkaure.
Menkaure is severely damaged.
Menkaure barely misses you.
You barely miss Menkaure.
Menkaure is severely damaged.
Menkaure hits you!!
You die...

........................#
...
...#.#...........>......#
.#
#......###.#...#.######...
. #.#.#### #.#...#.# .## .
#. #.#...#.# .# .
#.#...#.# .# . #.#...#.#
.. #:......# ###@M.###
#.#.# .## .. ## ##


You could see Menkaure.

Vanquished Creatures
  Duvessa (D:4)
  A black bear (D:4)
  A sky beast (D:3)
  A phantom (D:5)
  A scorpion (D:5)
  Dowan (D:4)
  A water moccasin skeleton (D:5)
  A jelly (D:5)
  A centaur skeleton (D:5)
  An orc wizard (D:4)
  A hound skeleton (D:4)
  3 gnolls (D:4)
  4 adders
  An adder skeleton (D:5)
  4 bats
  5 endoplasms
  12 goblins
  10 hobgoblins
  5 jackals
  5 kobolds
  3 quokkas
  4 ball pythons
  8 frilled lizards
  2 rats
77 creatures vanquished.

Vanquished Creatures (others)
  2 withered plants (D:2)
2 creatures vanquished.

Grand Total: 79 creatures vanquished

Notes
Turn   | Place    | Note
-------+----------+-------------------------------------------
     0 | D:1      | HallandMoats the Minotaur Fighter began the quest for the
                  | Orb.
     0 | D:1      | Reached XP level 1. HP: 19/19 MP: 0/0
   204 | D:1      | Reached XP level 2. HP: 27/27 MP: 1/1
   473 | D:1      | Reached skill level 1 in Dodging
   626 | D:2      | Reached XP level 3. HP: 21/33 MP: 2/2
  1243 | D:2      | Found a faded altar of an unknown god.
  1434 | D:3      | Found a blossoming altar of Fedhas.
  1522 | D:3      | Noticed a sky beast
  1529 | D:3      | Killed a sky beast
  1530 | D:3      | Reached XP level 4. HP: 41/41 MP: 3/3
  1530 | D:3      | Reached XP level 5. HP: 47/47 MP: 4/4
  1902 | D:4      | Found a sacrificial altar of Ru.
  1989 | D:4      | Noticed slippy's ghost (novice SpDe)
  1990 | D:4      | Noticed a black bear
  1993 | D:4      | Found a transporter.
  2001 | D:4      | Killed a black bear
  2002 | D:4      | Reached skill level 5 in Shields
  2002 | D:4      | Reached XP level 6. HP: 53/55 MP: 5/5
  2025 | D:4      | Noticed Duvessa
  2031 | D:4      | Killed Duvessa
  2031 | D:4      | Noticed Dowan
  2032 | D:4      | Reached skill level 5 in Fighting
  2032 | D:4      | Reached skill level 5 in Armour
  2040 | D:4      | Killed Dowan
  2252 | D:4      | Found a transporter.
  2773 | D:5      | Entered Level 5 of the Dungeon
  2818 | D:5      | Reached XP level 7. HP: 54/61 MP: 6/6
  3123 | D:5      | Reached skill level 5 in Long Blades
  3200 | D:5      | Identified the ring "Uwkim" {*Slow rPois Will+ MP+9 Dex+4}
  3209 | D:5      | Noticed Menkaure
  3217 | D:5      | Slain by Menkaure

Illustrated notes

Levels and vault maps discovered:
D:1:      dpeg_arrival_refuge, layout_rooms
D:2:      layout_loops_cross, ebering_ecumenical_altar_petrified
D:3:      kennysheep_the_goblin_king, layout_basic,
          mainiacjoe_overflow_concentric_impassable
D:4:      layout_basic, nicolae_ru_great_annihilating_truth,
          gammafunk_ghost_mausoleum, hangedman_abyss_or_decor_passed,
          uniq_duvessa
D:5:      layout_loops_cross, chequers_temple_overflow_statue_of_worship,
          uniq_crazy_yiuf_cottage, uniq_grinder, uniq_menkaure

Skill      XL: |  1  2  3  4  5  6  7 |
---------------+----------------------+-----
Dodging        | 1 2 3 |  3.7
Shields        | 4 5 |  5.7
Armour         | 4 5 |  5.7
Fighting       | 4 5 |  5.7
Long Blades    | 3 4 5 |  5.0

Action                   |  1- 3 |  4- 6 |  7- 9 || total
-------------------------+-------+-------+-------++-------
Melee: Long sword        |    78 |       |     2 ||    80
       Headbutt          |    10 |     4 |     9 ||    23
       Spear             |    22 |    79 |    41 ||   142
  Use: Potion            |       |       |     1 ||     1
 Stab: Paralysed         |       |     1 |       ||     1
Armor: Scale mail        |    50 |    21 |     7 ||    78
Dodge: Dodged            |    44 |    29 |    11 ||    84
Block: Buckler           |    27 |    12 |    11 ||    50

Table legend: (Time is in decaauts)
 A = Elapsed time spent in this place.
 B = Non-inter-level travel time spent in this place.
 C = Inter-level travel time spent in this place.
 D = Time resting spent in this place.
 E = Time spent auto-exploring this place.
 F = Levels seen in this place.
 G = Mean time per level.
                   A        B        C        D        E       F      G
               +--------+--------+--------+--------+--------+-----+--------+
         Total |   3258 |   3173 |     85 |    150 |   2483 |   5 |  651.6 |
       Dungeon |   3258 |   3173 |     85 |    150 |   2483 |   5 |  651.6 |
               +--------+--------+--------+--------+--------+-----+--------+

Top non-repeatable levels by time:
     D:4: 913 daAuts
     D:2: 722 daAuts
     D:1: 600 daAuts
     D:3: 571 daAuts
     D:5: 449 daAuts
